 Dungeon Crawl Stone Soup version 0.31-a0-542-gdc2a67831c (webtiles) character file.

Game seed: 13158879295831636247

107984 MackTheKnife the Warrior (level 17, -8/133 HPs)
             Began as a Djinni Air Elementalist on Aug 14, 2023.
             Was a Priest of Lugonu.
             Mangled by a bog body (14 damage)
             ... on level 2 of the Swamp.
             The game lasted 00:55:47 (30538 turns).

MackTheKnife the Warrior (Djinni Air Elementalist) Turns: 30538, Time: 00:55:48

Health: -8/133     AC: 13    Str: 13    XL:     17   Next: 3%
Gold:   1900       EV: 23    Int: 23    God:    Lugonu [***...] SH: 10 Dex: 27

rFire   + + +        h - +6 dagger of World Downfall {venom, *Slow rF++ Dex+7, short}
rCold   . . .        S - +3 buckler {rC+}
rNeg    . . .        J - +3 leather armour of the Riding Gods {rElec Regen+ rCorr}
rPois   ∞            T - +2 hat {Will+}
rElec   +            g - scarf {+Inv}
rCorr   +            B - +0 pair of gloves
SInv    .            (boots unavailable)
Will    ++...        x - amulet of the acrobat
Stlth   +++          Q - +4 ring of protection
HPRegen 1.22/turn    N - ring "Nasaz" {Str+6 Dex+4}
MPRegen 0.00/turn

%: slow self (1%), acrobat, infuse magic (-9 HP)
@: flying
A: sickness immunity, fire resistance 2, cold vulnerability 1, float, innate
caster, HP casting, extra vitality 1
a: Renounce Religion, Evoke Invisibility, Depart the Abyss, Banish


You were on level 2 of the Swamp.
You worshipped Lugonu.
Lugonu was most pleased with you.
You visited 6 branches of the dungeon, and saw 27 of its levels.
You visited the Abyss 1 time.
You also visited: Sewer and Volcano.

You collected 6084 gold pieces.
You spent 1209 gold pieces at shops.
You paid 2975 gold pieces to Gozag.


Innate Abilities, Weirdness & Mutations

You are immune to sickness and miasma.
You are immune to poison.
Your flesh is very heat resistant. (rF++)
You are vulnerable to cold. (rC-)
You float through the air rather than walking.
You learn spells naturally, not from books.
Your magical power is your life essence.
You have superior vitality. (+4 MHP)


   Skills:
 + Level 16.1 Fighting
 - Level 12.0 Dodging
 - Level 3.5 Stealth
 - Level 7.0 Shields
 + Level 15.2 Spellcasting
 + Level 15.2 Conjurations
 + Level 15.2 Hexes
 + Level 15.2 Summonings
 + Level 15.2 Necromancy
 + Level 15.2 Translocations
 + Level 15.2 Transmutations
 + Level 15.2 Fire Magic
 + Level 15.2 Ice Magic
 + Level 15.2 Air Magic
 + Level 15.2 Earth Magic
 + Level 15.2 Poison Magic
 - Level 6.0 Evocations


You knew the following spells:

 Your Spells              Type           Power      Damage    Failure   Level
a - Shock                 Conj/Air       100%       1d9       0%          1
b - Static Discharge      Conj/Air       100%       2-7/arc   0%          2
c - Swiftness             Air            73%        N/A       1%          3
d - Airstrike             Air            36%        2d(6-22)  1%          4
e - Slow                  Hex            100%       N/A       0%          1
f - Poisonous Vapours     Pois/Air       100%       N/A       0%          2
g - Frozen Ramparts       Ice            100%       1d16      1%          3
h - Olgreb's Toxic Radia  Pois           73%        N/A       1%          4
i - Summon Mana Viper     Hex/Summ       73%        N/A       1%          5
j - Borgnjor's Vile Clut  Necr/Erth      36%        N/A       1%          5
k - Simulacrum            Ice/Necr       36%        N/A       1%          6
l - Malign Gateway        Summ/Tloc      36%        N/A       9%          7
Your spell library was empty.

Inventory:

Hand Weapons
 h - the +6 dagger of World Downfall (weapon) {venom, *Slow rF++ Dex+7, short}
   (You found it on level 2 of the Dungeon)

   Dex+7:     It affects your dexterity (+7).
   rF++:      It greatly protects you from fire.
   *Slow:     It may slow you when you take damage.
 q - the +7 sling of Articulation {speed, rPois rCorr SInv}
   (You found it on level 6 of the Dungeon)

   rPois:     It protects you from poison SInv: It lets you see invisible.
   rCorr:     It protects you from acid and corrosion.
 P - the +8 falchion of Contradiction {speed, rPois Int+3, long}
   (You found it on level 2 of the Lair of Beasts)

   Int+3:     It affects your intelligence (+3).
   rPois:     It protects you from poison
Armour
 g - a scarf of invisibility (worn)
   (You found it on level 1 of the Dungeon)
 B - a +0 pair of gloves (worn)
   (You found it on level 8 of the Dungeon)
 J - the +3 leather armour of the Riding Gods (worn) {rElec Regen+ rCorr}
   (You found it on level 3 of the Lair of Beasts)

   rElec:     It insulates you from electricity.
   Regen+:    It increases your rate of health regeneration.
   rCorr:     It protects you from acid and corrosion.
 S - a +3 buckler of cold resistance (worn)
   (You found it on level 3 of the Lair of Beasts)
 T - a +2 hat of willpower (worn)
   (You took it off Gastronok on level 3 of the Lair of Beasts)
Jewellery
 n - a ring of wizardry
   (You found it on level 6 of the Dungeon)
 x - an amulet of the acrobat (around neck)
   (You found it on level 8 of the Dungeon)
 F - a ring of positive energy
   (You found it on level 10 of the Dungeon)
 N - the ring "Nasaz" (right hand) {Str+6 Dex+4}
   (You bought it in a shop on level 11 of the Dungeon)

   [ring of strength]

   Str+6:     It affects your strength (+6).
   Dex+4:     It affects your dexterity (+4).
 Q - a +4 ring of protection (left hand)
   (You found it on level 2 of the Lair of Beasts)
 U - a ring of protection from cold
   (You found it on level 15 of the Dungeon)
 V - a ring of see invisible
   (You found it on level 15 of the Dungeon)
Wands
 p - a wand of charming (13)
   (You found it on level 4 of the Dungeon)
 t - a wand of mindburst (11)
   (You found it on level 4 of the Dungeon)
 u - a wand of flame (57)
   (You found it on level 4 of the Dungeon)
 w - a wand of polymorph (11)
   (You took it off Pikel on level 5 of the Dungeon)
 A - a wand of iceblast (35)
   (You took it off Maurice on level 8 of the Dungeon)
 D - a wand of acid (11)
   (You found it on level 9 of the Dungeon)
Scrolls
 b - a scroll of brand weapon
 c - 2 scrolls of revelation
 f - 6 scrolls of fog
 i - 7 scrolls of teleportation {@r4}
 j - 7 scrolls of enchant armour
 l - 4 scrolls of poison
 v - 2 scrolls of fear
 y - 5 scrolls of immolation {!r!r}
 C - 7 scrolls of identify {@r1}
 E - 4 scrolls of blinking {!r}
 K - 8 scrolls of vulnerability {!r!r}
 L - a scroll of summoning
Potions
 d - a potion of mutation {!q}
 e - 6 potions of resistance
 k - 6 potions of might
 m - 11 potions of curing {@q1}
 o - a potion of attraction {!q}
 r - 3 potions of brilliance
 s - 2 potions of invisibility
 H - 2 potions of enlightenment
 M - 5 potions of heal wounds {@q2}
 O - 2 potions of haste {@q3}
 W - a potion of cancellation {unknown}
Miscellaneous
 a - a phantom mirror
   (You found it on level 10 of the Dungeon)
 G - a tin of tremorstones (2/2) {throwing}
   (You found it on level 10 of the Dungeon)
 I - a phial of floods
   (You found it on level 10 of the Dungeon)
 R - a sack of spiders
   (You bought it in a shop on level 2 of the Orcish Mines)

Dungeon Overview and Level Annotations

Branches:
Dungeon (15/15) Zot: 25702  Temple (1/1) D:5 Zot: 5733    Lair (5/5) D:11 Zot: 22948
  Swamp (2/4) Lair:2 Zot: 10719  Spider (0/4) Lair:3        Slime (2/5) Lair:4 Zot: 11985
    Orc (2/2) D:9 Zot: 10469     Elf (0/3) Orc:2        Vaults (0/5) D:14
 Depths (0/4) D:15          Sewer (visited)         Volcano (visited)

Altars:
Ashenzari
Cheibriados
Dithmenos
Elyvilon
Fedhas
Gozag
Hepliaklqana
Makhleb
Nemelex Xobeh
Okawaru
Qazlal
Ru
Trog
Uskayaw
Wu Jian
Xom
Yredelemnul
Zin
The Shining One
Lugonu

Shops:
D:2 ?   D:9 *   D:11 =   D:13 :   Orc:1 (   Orc:2 !(([*(=   Lair:1 ?

Portals:
Abyss: Lair:4
Trove: D:11 (give +4 ice dragon scales)

Annotations:
D:5 3 runed translucent doors, Vorhees's ghost, novice GnSh
D:14 2 transporters, Ongus's ghost, journeyman OpEE

.~~~..††~~~.♣♣~..~~~~..♣.~~......
~~~~~~~..~.....~~~~~~.~♣.~..~~...
~~~~~§~~~...~~.~~~...~♣♣.~~~~~.~~
~~~~~~~..♣♣~~~.~....♣♣♣♣♣..~~.♣~~
...~~~~♣♣♣♣♣♣♣♣♣♣♣..♣♣ ♣♣♣♣♣♣♣~.
.~.~~~.♣ ♣.~...♣♣ ♣♣♣♣.. ~.~~~~..
♣.~~~.~♣ ♣.~~~~ ~.~......
♣.~~~.♣♣ ♣~.~♣. ..~~~ ♣♣@~~~~♣
♣♣♣♣♣. ~~~~~ ♣♣~.n♣♣♣♣♣ ♣§ ~~~~~
♣.~.Z♣~..♣♣ ♣~ ~...~ ♣♣~~~..~..~♣
♣♣ ~~.♣♣♣♣ ♣~.~~~.†....♣ ♣
~~~♣♣.. ♣♣.~~~~♣§~~~..~~ .~~~~..
♣.~§~~..~~.~$.~. ~~~.~^~
♣~§~.....~~..~♣. ~~~.♣
♣.)..♣♣♣~^..§♣..


You could see a bog body (ally target) and a friendly tyrant leech simulacrum.


Message History

The zombie hands constrict the tyrant leech!
The zombie hands release their grip on the tyrant leech.
The tyrant leech misses you. 😮 HP[-3]
You take 3 damage, and now have 79/133 hp.
Casting: Airstrike (safe; 1% risk of failure)
Confirm with . or Enter, or press ? or * to list all spells.
Aiming: Airstrike (safe; 1% risk of failure)
Press: ? - help, Dir - move target, f/p - tyrant leech
Aim: a tyrant leech (severely wounded, berserk, incited by Gozag, simulacrum, empty space bonus: 4/8)
The air twists around and strikes the tyrant leech!
You block the tyrant leech's attack. 😮 HP[-3]
You take 3 damage, and now have 76/133 hp.
Casting: Airstrike (safe; 1% risk of failure)
Confirm with . or Enter, or press ? or * to list all spells.
Aiming: Borgnjor's Vile Clutch (mildly dangerous; 1% risk of failure)
Press: ? - help, Shift-Dir - straight line, f/p - tyrant leech
Aim: a tyrant leech (almost dead, berserk, incited by Gozag, simulacrum, 100% to hit)
Zombie hands grab the tyrant leech.
The zombie hands constrict the tyrant leech.
The tyrant leech bites you but does no damage. 😮 HP[-4]
You take 4 damage, and now have 72/133 hp.
Unknown command.
The zombie hands constrict the tyrant leech!
The tyrant leech struggles to escape constriction. 😮 HP[+2]
You regained 2 hp, and now have 74/133 hp.
Casting: Borgnjor's Vile Clutch (mildly dangerous; 1% risk of failure)
Confirm with . or Enter, or press ? or * to list all spells.
Aiming: Airstrike (safe; 1% risk of failure)
Press: ? - help, Dir - move target, f/p - tyrant leech
Aim: a tyrant leech (almost dead, berserk, incited by Gozag, constricted by zombie hands, simulacrum, empty space bonus: 5/8)
The air twists around and strikes the tyrant leech!
You kill the tyrant leech!
Lugonu accepts your kill.
A freezing mist starts to gather... x2 😮 HP[-3]
You take 3 damage, and now have 71/133 hp.
Casting: Airstrike (safe; 1% risk of failure)
Confirm with . or Enter, or press ? or * to list all spells.
Aiming: Airstrike (safe; 1% risk of failure)
Press: ? - help, Dir - move target, f - tyrant leech
Aim: a tyrant leech (heavily wounded, ally target, empty space bonus: 6/8)
The air twists around and strikes the tyrant leech!!
The tyrant leech completely misses you. 😮 HP[-3]
You take 3 damage, and now have 68/133 hp.
Casting: Airstrike (safe; 1% risk of failure)
Confirm with . or Enter, or press ? or * to list all spells.
Aiming: Airstrike (safe; 1% risk of failure)
Press: ? - help, Dir - move target, f/p - tyrant leech
Aim: a tyrant leech (severely wounded, ally target, empty space bonus: 5/8)
The air twists around and strikes the tyrant leech!
* * * LOW HITPOINT WARNING * * *
The tyrant leech bites you!
* * * LOW HITPOINT WARNING * * *
😨 HP[-20]
You take 20 damage, and now have 48/133 hp.
Casting: Airstrike (safe; 1% risk of failure)
Confirm with . or Enter, or press ? or * to list all spells.
Aiming: Airstrike (safe; 1% risk of failure)
Press: ? - help, Dir - move target, f/p - tyrant leech
Aim: a tyrant leech (almost dead, ally target, empty space bonus: 5/8)
The air twists around and strikes the tyrant leech!
You kill the tyrant leech!
Lugonu accepts your kill.
* * * LOW HITPOINT WARNING * * *
The bog body closely misses you. 😨 HP[-3]
You take 3 damage, and now have 45/133 hp.
Casting: Airstrike (safe; 1% risk of failure)
Confirm with . or Enter, or press ? or * to list all spells.
Aiming: Airstrike (safe; 1% risk of failure)
Press: ? - help, Dir - move target, f - bog body
Aim: a bog body (ally target, empty space bonus: 4/8)
The air twists around and strikes the bog body!!
* * * LOW HITPOINT WARNING * * *
You block the bog body's attack. 😨 HP[-2]
You take 2 damage, and now have 43/133 hp.
Casting: Airstrike (safe; 1% risk of failure)
Confirm with . or Enter, or press ? or * to list all spells.
Aiming: Airstrike (safe; 1% risk of failure)
Press: ? - help, Dir - move target, f/p - bog body
Aim: a bog body (heavily damaged, ally target, empty space bonus: 4/8)
The air twists around and strikes the bog body!
* * * LOW HITPOINT WARNING * * *
Your tyrant leech simulacrum barely misses the bog body.
The bog body casts a spell at you. The bolt of cold hits you!!
* * * LOW HITPOINT WARNING * * *
😱 HP[-38]
You take 38 damage, and now have 5/133 hp.
MASSIVE DAMAGE!! (PAUSE) Unknown command.
Gozag petitions for your drink to fail. The bog body touches you!
You die...

Skill      XL: |  1  2  3  4  5  6  7  8  9 10 11 12 13 14 15 16 |
---------------+-------------------------------------------------+-----
Spellcasting   | 4 5 6 7 8 10 11 12 14 15 | 15.2
Conjurations   | 4 5 6 7 8 10 11 12 14 15 | 15.2
Hexes          | 4 5 6 7 8 10 11 12 14 15 | 15.2
Summonings     | 4 5 6 7 8 10 11 12 14 15 | 15.2
Necromancy     | 4 5 6 7 8 10 11 12 14 15 | 15.2
Translocations | 4 5 6 7 8 10 11 12 14 15 | 15.2
Transmutations | 4 5 6 7 8 10 11 12 14 15 | 15.2
Fire Magic     | 4 5 6 7 8 10 11 12 14 15 | 15.2
Ice Magic      | 4 5 6 7 8 10 11 12 14 15 | 15.2
Air Magic      | 4 5 6 7 8 10 11 12 14 15 | 15.2
Earth Magic    | 4 5 6 7 8 10 11 12 14 15 | 15.2
Poison Magic   | 4 5 6 7 8 10 11 12 14 15 | 15.2
Fighting       | 1 2 3 4 5 6 8 11 12 14 16 | 16.1
Dodging        | 5 8 12 | 12.0
Stealth        | 3 |  3.5
Evocations     | 4 6 |  6.0
Shields        | 3 5 6 7 |  7.0

Action                     |  1- 3 |  4- 6 |  7- 9 | 10-12 | 13-15 | 16-18 || total
---------------------------+-------+-------+-------+-------+-------+-------++-------
  Melee: Club              |     2 |       |       |       |       |       ||     2
         Dagger            |       |     2 |     9 |    16 |    21 |     9 ||    57
   Cast: Shock             |    79 |   187 |   153 |   159 |   147 |     3 ||   728
         Static Discharge  |     1 |    10 |    12 |     2 |       |       ||    25
         Poisonous Vapours |       |     2 |    10 |     3 |       |     1 ||    16
         Frozen Ramparts   |       |       |     4 |    14 |    10 |     2 ||    30
         Airstrike         |       |       |     9 |   103 |   313 |   167 ||   592
         Olgreb's Toxic Ra |       |       |     6 |    32 |    38 |     6 ||    82
         Summon Mana Viper |       |       |       |    23 |    34 |    12 ||    69
         Borgnjor's Vile C |       |       |       |       |   112 |    42 ||   154
         Swiftness         |       |       |       |       |     1 |       ||     1
         Simulacrum        |       |       |       |       |     2 |     8 ||    10
         Malign Gateway    |       |       |       |       |       |     1 ||     1
 Invoke: Call Merchant     |       |       |       |     1 |     3 |       ||     4
  Evoke: Wand              |       |       |       |       |     2 |     3 ||     5
         Tin of tremorston |       |       |       |       |     2 |       ||     2
         Phantom mirror    |       |       |       |       |       |     1 ||     1
    Use: Potion            |     1 |       |     1 |     1 |       |       ||     3
         Scroll            |       |     8 |     7 |     5 |    14 |       ||    34
   Stab: Distracted        |       |       |     1 |       |       |       ||     1
 Armour: Robe              |     8 |     8 |     7 |     8 |     4 |       ||    35
         Leather armour    |       |       |       |       |    21 |    12 ||    33
  Dodge: Dodged            |    35 |    35 |    42 |   143 |    90 |   104 ||   449
  Block: Buckler           |       |       |       |       |    50 |    66 ||   116

Levels and vault maps discovered:
D:1:      onia_arrival_handbag, layout_loops_ring
D:2:      layout_basic, shapermc_ecumenical_altar_starsandcircs, serial_shops,
          nicolae_shop_crystal, uniq_terence
D:3:      layout_basic, nicolae_uskayaw_suspiria
D:4:      layout_basic, mainiacjoe_overflow_six_doors_small,
          cheibrodos_sewer_entry_sluice, uniq_edmund
D:5:      layout_cave_pools, chequers_temple_overflow_statue_of_worship,
          lemuel_tele_altar, minmay_temple_entry_mist,
          gammafunk_ghost_necromancy, st_stairs_14, hangedman_decor_points,
          uniq_grinder, uniq_pikel
D:6:      layout_basic, minmay_misc_feat_nine_boxes, uniq_menkaure
D:7:      layout_layer_cave, uniq_duvessa
D:8:      layout_basic, nicolae_qazlal_scattered_showers, uniq_psyche,
          uniq_maurice, uniq_prince_ribbit1
D:9:      layout_roguey, david_orc_1_choice, kennysheep_generic_room_14
D:10:     minmay_the_grid_octo_triangle [minmay_the_grid_octo_clover_2,
          minmay_the_grid_octo_prize_single_spiral,
          minmay_the_grid_octo_checkered], layout_long_grid
D:11:     layout_irregular_city, david_lair_shrubbed, trove_entry_hex_spiral
D:12:     layout_irregular_city, nicolae_hexahallways, uniq_snorg
D:13:     layout_basic, dreamdust_deal_with_the_devil, nicolae_shop_vocational
D:14:     layout_irregular_city, david_vaults_4, nzn_ghost_randoct,
          kennysheep_nondescript
D:15:     grunt_enter_depths_snipers, layout_loops_ring
Temple:   kb_temple_of_zot
Lair:1:   layout_cave_shapes, st_stairs_7, lemuel_fruit_tree
Lair:2:   layout_roguey, skrybe_swamp_entry_bodies,
          nicolae_volcano_entry_two_sided, uniq_nergalle
Lair:3:   layout_regular_city, spider_nest_entry_funnel_web,
          infiniplex_staircase_pool_2, uniq_gastronok, uniq_kirke
Lair:4:   layout_cave_pods, slime_entry_1, amcnicky_altar_lugonu_corruption,
          grunt_megastairs_2, uniq_rupert
Lair:5:   grunt_lair_end_beastmaster, layout_misc_corridors, evilmike_ambush
          [evilmike_ambush_outer_basic, evilmike_ambush_inner_wall_2],
          serial_bayou_shore_b, grunt_megastairs_5, serial_bayou_shore_a
Swamp:1:  nicolae_swamp_standing_stones, layout_basic_swamp,
          nicolae_swamp_round_clearing, swamp_pool1, uniq_roxanne
Swamp:2:  layout_basic_swamp, hangedman_swamp_lotus
Slime:1:  layout_caves, cheibrodos_slime_lost_civilization_4
Slime:2:  layout_caves
Orc:1:    layout_diamond_mine, serial_shops, nicolae_shop_bloodbath_and_beyond,
          mines4_lemuel
Orc:2:    st_orc_ogre_mass, layout_diamond_mine, serial_shops,
          nicolae_shop_pleasant_corner_grove, nicolae_shop_clearance

Notes
Turn   | Place    | Note
-------+----------+-------------------------------------------
     0 | D:1      | Reached skill level 3 in Spellcasting
     0 | D:1      | Reached skill level 3 in Conjurations
     0 | D:1      | Reached skill level 3 in Hexes
     0 | D:1      | Reached skill level 3 in Summonings
     0 | D:1      | Reached skill level 3 in Necromancy
     0 | D:1      | Reached skill level 3 in Translocations
     0 | D:1      | Reached skill level 3 in Transmutations
     0 | D:1      | Reached skill level 3 in Fire Magic
     0 | D:1      | Reached skill level 3 in Ice Magic
     0 | D:1      | Reached skill level 3 in Air Magic
     0 | D:1      | Reached skill level 3 in Earth Magic
     0 | D:1      | Reached skill level 3 in Poison Magic
     0 | D:1      | MackTheKnife the Djinni Air Elementalist began the quest
                  | for the Orb.
     0 | D:1      | MackTheKnife set off with the following spells memorised:
                  | Shock, Static Discharge, Swiftness, Airstrike.
     0 | D:1      | Reached XP level 1. HP: 15/15 MP: 0/0
     0 | D:1      | magus.rc [v1.9.6]
   123 | D:1      | Reached XP level 2. HP: 19/22 MP: 0/0
   207 | D:1      | Reached skill level 1 in Fighting
   402 | D:1      | Reached XP level 3. HP: 18/27 MP: 0/0
   402 | D:1      | Learned a level 1 spell: Slow
   405 | D:1      | HP: 6/27 [ball python (1)]
   415 | D:1      | HP: 6/27 [constriction (1)]
   738 | D:1      | Reached skill level 2 in Fighting
  1029 | D:2      | Reached XP level 4. HP: 29/33 MP: 0/0
  1083 | D:2      | Identified the +6 dagger of World Downfall {venom, *Slow
                  | rF++ Dex+7}
  1088 | D:2      | Found Ceckouc's Magic Scroll Shop.
  1095 | D:2      | Bought 2 scrolls of identify for 56 gold pieces
  1336 | D:2      | Noticed Terence
  1343 | D:2      | Killed Terence
  1470 | D:2      | Reached XP level 5. HP: 32/40 MP: 0/0
  1470 | D:2      | Learned a level 2 spell: Poisonous Vapours
  1552 | D:2      | Found a faded altar of an unknown god.
  1568 | D:2      | Reached skill level 3 in Fighting
  2017 | D:2      | Bought a scroll of teleportation for 42 gold pieces
  2496 | D:3      | Reached skill level 4 in Spellcasting
  2496 | D:3      | Reached skill level 4 in Conjurations
  2496 | D:3      | Reached skill level 4 in Hexes
  2496 | D:3      | Reached skill level 4 in Summonings
  2496 | D:3      | Reached skill level 4 in Necromancy
  2496 | D:3      | Reached skill level 4 in Translocations
  2496 | D:3      | Reached skill level 4 in Transmutations
  2496 | D:3      | Reached skill level 4 in Fire Magic
  2496 | D:3      | Reached skill level 4 in Ice Magic
  2496 | D:3      | Reached skill level 4 in Air Magic
  2496 | D:3      | Reached skill level 4 in Earth Magic
  2496 | D:3      | Reached skill level 4 in Poison Magic
  3046 | D:3      | Found a hide-covered altar of Uskayaw.
  3247 | D:4      | Found a glowing drain.
  3259 | Sewer    | Entered a sewer
  3337 | Sewer    | Reached XP level 6. HP: 44/46 MP: 0/0
  3674 | Sewer    | Reached skill level 4 in Fighting
  3937 | Sewer    | Reached XP level 7. HP: 44/53 MP: 0/0
  3937 | Sewer    | Learned a level 3 spell: Frozen Ramparts
  4169 | D:4      | Reached skill level 5 in Fighting
  4442 | D:4      | Found a glowing golden altar of the Shining One.
  4727 | D:4      | Noticed Edmund
  4736 | D:4      | HP: 6/54 [Edmund/+1 dire flail of holy wrath (10)]
  4741 | D:4      | Killed Edmund
  4742 | D:4      | Reached skill level 5 in Spellcasting
  4742 | D:4      | Reached skill level 5 in Conjurations
  4742 | D:4      | Reached skill level 5 in Hexes
  4742 | D:4      | Reached skill level 5 in Summonings
  4742 | D:4      | Reached skill level 5 in Necromancy
  4742 | D:4      | Reached skill level 5 in Translocations
  4742 | D:4      | Reached skill level 5 in Transmutations
  4742 | D:4      | Reached skill level 5 in Fire Magic
  4742 | D:4      | Reached skill level 5 in Ice Magic
  4742 | D:4      | Reached skill level 5 in Air Magic
  4742 | D:4      | Reached skill level 5 in Earth Magic
  4742 | D:4      | Reached skill level 5 in Poison Magic
  5059 | D:5      | Entered Level 5 of the Dungeon
  5103 | D:5      | Found a staircase to the Ecumenical Temple.
  5191 | D:5      | Reached XP level 8. HP: 42/60 MP: 0/0
  5287 | Temple   | Entered the Ecumenical Temple
  5354 | D:5      | HP: 13/60 [white imp/puff of frost (18)]
  5356 | D:5      | HP: 4/60 [/static electricity (1)]
  5647 | D:5      | Found a runed translucent gate.
  5647 | D:5      | Found a runed translucent gate.
  5647 | D:5      | Found a runed translucent gate.
  5650 | D:5      | Noticed Grinder
  5656 | D:5      | Paralysed by Grinder for 2 turns
  5664 | D:5      | Paralysed by Grinder for 4 turns
  5769 | D:4      | magus.rc [v1.9.6]
  5836 | D:5      | Reached skill level 3 in Dodging
  5974 | D:5      | Found a hazy altar of Hepliaklqana.
  5978 | D:5      | Noticed Pikel
  6043 | D:5      | Killed Pikel
  6044 | D:5      | Reached skill level 5 in Dodging
  6044 | D:5      | Reached skill level 6 in Spellcasting
  6044 | D:5      | Reached skill level 6 in Conjurations
  6044 | D:5      | Reached skill level 6 in Hexes
  6044 | D:5      | Reached skill level 6 in Summonings
  6044 | D:5      | Reached skill level 6 in Necromancy
  6044 | D:5      | Reached skill level 6 in Translocations
  6044 | D:5      | Reached skill level 6 in Transmutations
  6044 | D:5      | Reached skill level 6 in Fire Magic
  6044 | D:5      | Reached skill level 6 in Ice Magic
  6044 | D:5      | Reached skill level 6 in Air Magic
  6044 | D:5      | Reached skill level 6 in Earth Magic
  6044 | D:5      | Reached skill level 6 in Poison Magic
  6082 | D:5      | Paralysed by Grinder for 3 turns
  6085 | D:5      | Killed Grinder
  6086 | D:5      | Reached XP level 9. HP: 40/65 MP: 0/0
  6086 | D:5      | Learned a level 4 spell: Olgreb's Toxic Radiance
  6203 | D:5      | Noticed Vorhees's ghost (novice GnSh)
  6449 | D:5      | Found a sacrificial altar of Ru.
  6618 | Temple   | Became a worshipper of Gozag Ym Sagoz the Greedy
  6729 | D:6      | Reached skill level 6 in Dodging
  6935 | D:6      | Reached skill level 7 in Dodging
  6935 | D:6      | Reached skill level 7 in Spellcasting
  6935 | D:6      | Reached skill level 7 in Conjurations
  6935 | D:6      | Reached skill level 7 in Hexes
  6935 | D:6      | Reached skill level 7 in Summonings
  6935 | D:6      | Reached skill level 7 in Necromancy
  6935 | D:6      | Reached skill level 7 in Translocations
  6935 | D:6      | Reached skill level 7 in Transmutations
  6935 | D:6      | Reached skill level 7 in Fire Magic
  6935 | D:6      | Reached skill level 7 in Ice Magic
  6935 | D:6      | Reached skill level 7 in Air Magic
  6935 | D:6      | Reached skill level 7 in Earth Magic
  6935 | D:6      | Reached skill level 7 in Poison Magic
  7015 | D:6      | Reached skill level 8 in Dodging
  7158 | D:6      | Noticed Menkaure
  7160 | D:6      | Killed Menkaure
  7333 | D:6      | Reached skill level 6 in Fighting
  7388 | D:6      | Reached XP level 10. HP: 57/72 MP: 0/0
  7473 | D:6      | HP: 18/72 [/static electricity (3)]
  7839 | D:6      | Identified the +7 sling of Articulation {speed, rPois rCorr
                  | SInv}
  8186 | D:7      | Noticed Duvessa
  8188 | D:7      | Noticed Dowan
  8193 | D:7      | Killed Dowan
  8194 | D:7      | Killed Duvessa
  8761 | D:7      | HP: 17/73 [centaur (6)]
  8763 | D:7      | Reached skill level 7 in Fighting
  9523 | D:8      | Noticed a two-headed ogre
  9530 | D:8      | Killed a two-headed ogre
  9531 | D:8      | Reached skill level 8 in Spellcasting
  9531 | D:8      | Reached skill level 8 in Conjurations
  9531 | D:8      | Reached skill level 8 in Hexes
  9531 | D:8      | Reached skill level 8 in Summonings
  9531 | D:8      | Reached skill level 8 in Necromancy
  9531 | D:8      | Reached skill level 8 in Translocations
  9531 | D:8      | Reached skill level 8 in Transmutations
  9531 | D:8      | Reached skill level 8 in Fire Magic
  9531 | D:8      | Reached skill level 8 in Ice Magic
  9531 | D:8      | Reached skill level 8 in Air Magic
  9531 | D:8      | Reached skill level 8 in Earth Magic
  9531 | D:8      | Reached skill level 8 in Poison Magic
  9877 | D:8      | Reached skill level 8 in Fighting
 10040 | D:8      | Noticed Prince Ribbit
 10048 | D:8      | Killed Prince Ribbit
 10049 | D:8      | Reached XP level 11. HP: 66/82 MP: 0/0
 10049 | D:8      | Learned a level 5 spell: Summon Mana Viper
 10373 | D:8      | Noticed Psyche
 10382 | D:8      | Killed Psyche
 10383 | D:8      | Reached skill level 9 in Fighting
 10583 | D:8      | Noticed Maurice
 10591 | D:8      | Killed Maurice
 10721 | D:8      | Reached skill level 9 in Spellcasting
 10721 | D:8      | Reached skill level 9 in Conjurations
 10721 | D:8      | Reached skill level 9 in Hexes
 10721 | D:8      | Reached skill level 9 in Summonings
 10721 | D:8      | Reached skill level 9 in Necromancy
 10721 | D:8      | Reached skill level 9 in Translocations
 10721 | D:8      | Reached skill level 9 in Transmutations
 10721 | D:8      | Reached skill level 9 in Fire Magic
 10721 | D:8      | Reached skill level 9 in Ice Magic
 10721 | D:8      | Reached skill level 9 in Air Magic
 10721 | D:8      | Reached skill level 9 in Earth Magic
 10721 | D:8      | Reached skill level 9 in Poison Magic
 10749 | D:8      | Found a stormy altar of Qazlal.
 10995 | D:9      | Found a staircase to the Orcish Mines.
 11339 | D:9      | Reached skill level 10 in Fighting
 11738 | D:9      | Noticed a two-headed ogre
 11753 | D:9      | Killed a two-headed ogre
 11941 | D:10     | Entered Level 10 of the Dungeon
 12008 | D:10     | Noticed a two-headed ogre
 12014 | D:10     | Killed a two-headed ogre
 12589 | D:10     | Noticed a cyclops
 12594 | D:10     | Killed a cyclops
 12595 | D:10     | Reached skill level 11 in Fighting
 12595 | D:10     | Reached skill level 10 in Spellcasting
 12595 | D:10     | Reached skill level 10 in Conjurations
 12595 | D:10     | Reached skill level 10 in Hexes
 12595 | D:10     | Reached skill level 10 in Summonings
 12595 | D:10     | Reached skill level 10 in Necromancy
 12595 | D:10     | Reached skill level 10 in Translocations
 12595 | D:10     | Reached skill level 10 in Transmutations
 12595 | D:10     | Reached skill level 10 in Fire Magic
 12595 | D:10     | Reached skill level 10 in Ice Magic
 12595 | D:10     | Reached skill level 10 in Air Magic
 12595 | D:10     | Reached skill level 10 in Earth Magic
 12595 | D:10     | Reached skill level 10 in Poison Magic
 12595 | D:10     | Reached XP level 12. HP: 71/94 MP: 0/0
 12629 | D:10     | Noticed a centaur warrior
 12848 | D:10     | Reached skill level 9 in Dodging
 13292 | D:10     | Noticed a two-headed ogre
 13296 | D:10     | Killed a two-headed ogre
 13404 | D:10     | Killed a centaur warrior
 13405 | D:10     | Reached skill level 10 in Dodging
 13622 | D:10     | You are cast into the Abyss!
 13622 | Abyss:2  | Cast into level 2 of the Abyss (a wizard)
 13723 | D:10     | You pass through the gate.
 13723 | D:10     | Escaped the Abyss
 13741 | D:10     | Reached skill level 2 in Stealth
 13811 | D:10     | Reached skill level 3 in Stealth
 14318 | D:11     | Noticed a two-headed ogre
 14321 | D:11     | Killed a two-headed ogre
 14322 | D:11     | Reached skill level 11 in Dodging
 15180 | D:11     | Found a staircase to the Lair.
 15318 | D:11     | Found a portal to a secret trove of treasure.
 15635 | Lair:1   | Entered Level 1 of the Lair of Beasts
 15779 | Lair:1   | Noticed a boulder beetle
 15785 | Lair:1   | Killed a boulder beetle
 15786 | Lair:1   | Reached skill level 12 in Dodging
 15786 | Lair:1   | Reached skill level 1 in Evocations
 15807 | Lair:1   | Reached skill level 2 in Evocations
 16153 | Lair:1   | Reached skill level 3 in Evocations
 16464 | Lair:1   | Reached skill level 4 in Evocations
 16464 | Lair:1   | Reached XP level 13. HP: 87/99 MP: 0/0
 16464 | Lair:1   | Learned a level 5 spell: Borgnjor's Vile Clutch
 16852 | Lair:1   | Bought a scroll of blinking for 90 gold pieces
 16852 | Lair:1   | Bought a scroll of teleportation for 36 gold pieces
 16852 | Lair:1   | Bought a scroll of teleportation for 36 gold pieces
 16852 | Lair:1   | magus.rc [v1.9.6]
 16871 | Lair:2   | Found a dark tunnel.
 16880 | Volcano  | Entered a volcano
 16991 | Volcano  | Reached skill level 5 in Evocations
 17264 | Volcano  | Reached skill level 6 in Evocations
 17327 | Volcano  | Noticed a stone giant
 17921 | Lair:2   | Found a staircase to the Swamp.
 17935 | Lair:2   | Identified the +8 falchion of Contradiction {speed, rPois
                  | Int+3}
 18374 | Lair:2   | Noticed Nergalle
 18380 | Lair:2   | Killed Nergalle
 18915 | Lair:3   | Reached skill level 12 in Fighting
 19338 | Lair:3   | Noticed Kirke
 19346 | Lair:3   | Killed Kirke
 19369 | Lair:3   | Reached skill level 11 in Spellcasting
 19369 | Lair:3   | Reached skill level 11 in Conjurations
 19369 | Lair:3   | Reached skill level 11 in Hexes
 19369 | Lair:3   | Reached skill level 11 in Summonings
 19369 | Lair:3   | Reached skill level 11 in Necromancy
 19369 | Lair:3   | Reached skill level 11 in Translocations
 19369 | Lair:3   | Reached skill level 11 in Transmutations
 19369 | Lair:3   | Reached skill level 11 in Fire Magic
 19369 | Lair:3   | Reached skill level 11 in Ice Magic
 19369 | Lair:3   | Reached skill level 11 in Air Magic
 19369 | Lair:3   | Reached skill level 11 in Earth Magic
 19369 | Lair:3   | Reached skill level 11 in Poison Magic
 20095 | Lair:3   | Noticed Gastronok
 20105 | Lair:3   | Killed Gastronok
 20106 | Lair:3   | Reached skill level 2 in Shields
 20370 | Lair:3   | Identified the +3 leather armour of the Riding Gods {rElec
                  | Regen+ rCorr}
 20378 | Lair:3   | Reached skill level 3 in Shields
 20517 | Lair:3   | Reached XP level 14. HP: 85/108 MP: 0/0
 20540 | Lair:3   | Found a hole to the Spider Nest.
 20681 | Lair:3   | magus.rc [v1.9.6]
 20727 | Lair:4   | Reached skill level 4 in Shields
 20881 | Lair:4   | Reached skill level 5 in Shields
 21132 | Lair:4   | Found a corrupted altar of Lugonu.
 21136 | Lair:4   | Found a one-way gate to the infinite horrors of the Abyss.
 21410 | Lair:4   | Found a staircase to the Slime Pits.
 21581 | Lair:4   | Noticed Rupert
 21593 | Lair:4   | Killed Rupert
 21798 | Lair:5   | Entered Level 5 of the Lair of Beasts
 21854 | Lair:5   | Reached skill level 13 in Fighting
 22663 | Lair:5   | Reached skill level 14 in Fighting
 22664 | Lair:5   | Reached skill level 12 in Spellcasting
 22664 | Lair:5   | Reached skill level 12 in Conjurations
 22664 | Lair:5   | Reached skill level 12 in Hexes
 22664 | Lair:5   | Reached skill level 12 in Summonings
 22664 | Lair:5   | Reached skill level 12 in Necromancy
 22664 | Lair:5   | Reached skill level 12 in Translocations
 22664 | Lair:5   | Reached skill level 12 in Transmutations
 22664 | Lair:5   | Reached skill level 12 in Fire Magic
 22664 | Lair:5   | Reached skill level 12 in Ice Magic
 22664 | Lair:5   | Reached skill level 12 in Air Magic
 22664 | Lair:5   | Reached skill level 12 in Earth Magic
 22664 | Lair:5   | Reached skill level 12 in Poison Magic
 22758 | Lair:5   | Found the +3 pair of mountain boots {steadfast, rC+}
 23174 | D:11     | Bought the ring "Nasaz" {Str+6 Dex+4} for 514 gold pieces
 23244 | Orc:1    | Entered Level 1 of the Orcish Mines
 23322 | Orc:1    | Reached XP level 15. HP: 34/117 MP: 0/0
 23322 | Orc:1    | Learned a level 6 spell: Simulacrum
 23495 | Orc:2    | Entered Level 2 of the Orcish Mines
 23712 | Orc:1    | Found Mead's Weapon Shoppe.
 23786 | Orc:1    | magus.rc [v1.9.6]
 23998 | Slime:1  | Entered Level 1 of the Pits of Slime
 24003 | Slime:1  | Noticed an acid blob
 24004 | Slime:2  | Noticed an azure jelly
 24004 | Slime:2  | Noticed an acid blob
 24004 | Slime:2  | Noticed an acid blob
 24315 | Orc:2    | Reached skill level 13 in Spellcasting
 24315 | Orc:2    | Reached skill level 13 in Conjurations
 24315 | Orc:2    | Reached skill level 13 in Hexes
 24315 | Orc:2    | Reached skill level 13 in Summonings
 24315 | Orc:2    | Reached skill level 13 in Necromancy
 24315 | Orc:2    | Reached skill level 13 in Translocations
 24315 | Orc:2    | Reached skill level 13 in Transmutations
 24315 | Orc:2    | Reached skill level 13 in Fire Magic
 24315 | Orc:2    | Reached skill level 13 in Ice Magic
 24315 | Orc:2    | Reached skill level 13 in Air Magic
 24315 | Orc:2    | Reached skill level 13 in Earth Magic
 24315 | Orc:2    | Reached skill level 13 in Poison Magic
 24612 | Orc:2    | Found Payr's CLEARANCE SALE!.
 24617 | Orc:2    | Bought a sack of spiders for 240 gold pieces
 24711 | Orc:2    | Found Masch's Weapon Emporium.
 24792 | Orc:2    | Found a staircase to the Elven Halls.
 24941 | Orc:2    | Found Kemaukax's Distillery.
 24941 | Orc:2    | Found Xisiaf's Antique Weapon Shop.
 24942 | Orc:2    | Found Veqogaki's Weapon Shop.
 24942 | Orc:2    | Found Iwnoef's Antique Armour Shoppe.
 24949 | Orc:2    | Bought a potion of heal wounds for 65 gold pieces
 24949 | Orc:2    | Bought a potion of heal wounds for 65 gold pieces
 24949 | Orc:2    | Bought a potion of heal wounds for 65 gold pieces
 25168 | D:9      | magus.rc [v1.9.6]
 25333 | Lair:4   | Fell from the grace of Gozag
 25333 | Lair:4   | Became a worshipper of Lugonu the Unformed
 25658 | D:12     | Reached skill level 14 in Spellcasting
 25658 | D:12     | Reached skill level 14 in Conjurations
 25658 | D:12     | Reached skill level 14 in Hexes
 25658 | D:12     | Reached skill level 14 in Summonings
 25658 | D:12     | Reached skill level 14 in Necromancy
 25658 | D:12     | Reached skill level 14 in Translocations
 25658 | D:12     | Reached skill level 14 in Transmutations
 25658 | D:12     | Reached skill level 14 in Fire Magic
 25658 | D:12     | Reached skill level 14 in Ice Magic
 25658 | D:12     | Reached skill level 14 in Air Magic
 25658 | D:12     | Reached skill level 14 in Earth Magic
 25658 | D:12     | Reached skill level 14 in Poison Magic
 25870 | D:12     | Noticed Snorg
 25876 | D:12     | Killed Snorg
 26378 | D:13     | HP: 24/117 [white ugly thing (26)]
 26515 | D:13     | Found Fyutyck's Vocational Training.
 26797 | D:13     | Reached skill level 6 in Shields
 27161 | D:14     | Found a transporter.
 27169 | D:14     | Reached * piety under Lugonu
 27231 | D:14     | Found a transporter.
 27256 | D:14     | Reached XP level 16. HP: 100/123 MP: 0/0
 27263 | D:14     | Noticed Ongus's ghost (journeyman OpEE)
 27353 | D:14     | Reached skill level 7 in Shields
 27500 | D:14     | Found a gate to the Vaults.
 27910 | D:15     | Entered Level 15 of the Dungeon
 28087 | D:15     | HP: 23/124 [ogre mage/bolt of magma (13)]
 28930 | D:15     | Reached skill level 15 in Fighting
 29013 | D:15     | Found a staircase to the Depths.
 29064 | D:15     | magus.rc [v1.9.6]
 29258 | Swamp:1  | Entered Level 1 of the Swamp
 29282 | Swamp:1  | Reached ** piety under Lugonu
 29448 | Swamp:1  | Noticed Roxanne
 29463 | Swamp:1  | Killed Roxanne
 29724 | Swamp:1  | Noticed a fenstrider witch
 29724 | Swamp:1  | Banished a fenstrider witch
 29758 | Swamp:1  | Reached skill level 15 in Spellcasting
 29758 | Swamp:1  | Reached skill level 15 in Conjurations
 29758 | Swamp:1  | Reached skill level 15 in Hexes
 29758 | Swamp:1  | Reached skill level 15 in Summonings
 29758 | Swamp:1  | Reached skill level 15 in Necromancy
 29758 | Swamp:1  | Reached skill level 15 in Translocations
 29758 | Swamp:1  | Reached skill level 15 in Transmutations
 29758 | Swamp:1  | Reached skill level 15 in Fire Magic
 29758 | Swamp:1  | Reached skill level 15 in Ice Magic
 29758 | Swamp:1  | Reached skill level 15 in Air Magic
 29758 | Swamp:1  | Reached skill level 15 in Earth Magic
 29758 | Swamp:1  | Reached skill level 15 in Poison Magic
 30388 | Swamp:2  | Reached *** piety under Lugonu
 30389 | Swamp:2  | Reached skill level 16 in Fighting
 30453 | Swamp:2  | Reached XP level 17. HP: 120/133 MP: 0/0
 30453 | Swamp:2  | Learned a level 7 spell: Malign Gateway
 30537 | Swamp:2  | HP: 5/133 [bog body/bolt of cold (35)]
 30538 | Swamp:2  | Mangled by a bog body

Vanquished Creatures
  Rupert (Lair:4)
  Kirke (Lair:3)
  Roxanne (Swamp:1)
  2 fire dragons
  A vault guard (D:14)
  A rakshasa (D:15)
  A boulder beetle (D:15)
  6 hydras
  4 ogre magi
  21 two-headed ogres
  A catoblepas (Lair:5)
  5 centaur warriors
  An alligator (Swamp:1)
  7 death yaks (Lair:5)
  A deep troll shaman (Lair:5)
  2 tengu warriors (D:15)
  Nergalle (Lair:2)
  A goliath frog (Swamp:2)
  A skyshark (Lair:5)
  4 spriggan druids (Swamp:1)
  A wizard (D:10)
  5 bog bodies
  Pikel (D:5)
  2 orc knights
  A necromancer (Swamp:1)
  2 deep elf pyromancers (D:15)
  2 orc sorcerers (Orc:2)
  2 will-o-the-wisps
  3 ugly things (D:13)
  2 cyclopes
  A manticore (D:12)
  4 elephants
  4 black mambas
  Maurice (D:8)
  6 cane toads
  3 gargoyles
  3 kobold demonologists
  A molten gargoyle (Volcano)
  4 unseen horrors
  7 komodo dragons
  3 rime drakes
  3 efreet
  3 polar bears
  4 trolls
  A bloated husk (Swamp:1)
  Prince Ribbit (D:8)
  A burning bush (Lair:5)
  6 tyrant leeches
  A hornet (Swamp:1)
  A raiju (shapeshifter) (D:14)
  2 blink frogs (Lair:5)
  Grinder (D:5)
  4 dream sheep (Lair:3)
  2 jumping spiders (Lair:3)
  A shadow (D:10)
  3 spriggans (Swamp:1)
  4 wyverns
  2 slime creatures
  2 wraiths (D:12)
  29 yaks
  3 basilisks
  2 fire bats (Volcano)
  A hog (shapeshifter) (D:10)
  2 steam dragons
  3 vampire mosquitoes (Swamp:2)
  Menkaure (D:6)
  6 swamp worms
  Edmund (D:4)
  6 wargs
  3 acid dragons
  6 water moccasins
  A black bear (Lair:5)
  Duvessa (D:7)
  An ice beast (D:6)
  10 orc warriors
  29 ogres
  10 centaurs
  18 wolves
  6 kobold brigands
  11 bullfrogs
  An earth elemental (Volcano)
  A gnoll sergeant (D:10)
  A scorpion (Lair:2)
  9 wights
  Dowan (D:7)
  13 killer bees
  A howler monkey (D:6)
  2 electric eels (Lair:5)
  6 lava snakes (Volcano)
  A hound (D:7)
  A jelly (D:6)
  A gnoll bouda (D:6)
  10 orc priests
  4 iguanas
  A sleepcap (D:4)
  Terence (D:2)
  15 orc wizards
  9 adders
  6 gnolls (D:6)
  8 river rats (Sewer)
  2 white imps
  3 worms
  4 dart slugs
  56 orcs
  13 endoplasms
  6 giant cockroaches
  9 goblins
  9 hobgoblins
  8 jackals
  19 kobolds
  4 quokkas
  14 ball pythons
  4 bats
  9 frilled lizards
  32 rats
  A lurking horror (Lair:4)
598 creatures vanquished.

Vanquished Creatures (collateral kills)
  Gastronok (Lair:3)
  Snorg (D:12)
  An ettin (D:14)
  A ghost crab (Swamp:2)
  A boulder beetle (Lair:1)
  2 two-headed ogres (D:15)
  A death yak (Lair:5)
  A tengu warrior (D:12)
  2 spriggans (Swamp:1)
  A goliath frog (Swamp:2)
  A deep troll (D:14)
  A deep elf pyromancer (D:10)
  6 elephants
  A cyclops (D:14)
  A molten gargoyle (Volcano)
  Psyche (D:8)
  A cane toad (Lair:5)
  3 komodo dragons
  A tyrant leech (Swamp:1)
  A blink frog (Lair:5)
  5 slime creatures
  2 wyverns
  A culicivora (Lair:3)
  3 hornets (Swamp:1)
  A fire elemental (Volcano)
  5 yaks
  3 vampire mosquitoes (Swamp:1)
  A warg (Orc:1)
  A redback (Lair:3)
  A swamp worm (Swamp:1)
  A water moccasin (Lair:1)
  5 orc warriors
  4 ogres
  5 wolves
  A kobold brigand (D:8)
  2 bullfrogs
  5 wights
  An orc priest (Orc:1)
  An orc wizard (Orc:1)
  4 orcs
  2 kobolds (D:8)
83 creatures vanquished.

Vanquished Creatures (others)
  An eldritch tentacle (Swamp:2)
  A bloated husk (Swamp:2)
  A slime creature (D:14)
  3 humans (Lair:3)
  A swamp worm (shapeshifter) (D:10)
  2 foxfires (Swamp:1)
  A lurking horror (Lair:4)
10 creatures vanquished.

Grand Total: 691 creatures vanquished

Table legend:
 A = Non-vault XP
 B = Vault XP
 C = Vault XP percentage of total XP
 D = Non-vault monster count
 E = Vault monster count
 F = Vault count percentage of total count
                 A         B        C        D         E       F
            +---------+---------+-------+---------+---------+-------
      Total |   92634 |   61630 |  40.0 |     494 |     206 |  29.4
            +---------+---------+-------+---------+---------+-------
        D:1 |      54 |       5 |   8.5 |      30 |       4 |  11.8
        D:2 |      73 |      36 |  33.0 |      22 |       1 |   4.3
        D:3 |      72 |       0 |   0.0 |      21 |       0 |   0.0
        D:4 |      66 |     176 |  72.7 |      14 |       4 |  22.2
        D:5 |     377 |     939 |  71.4 |      18 |       3 |  14.3
        D:6 |    1628 |     172 |   9.6 |      23 |       1 |   4.2
        D:7 |     972 |     205 |  17.4 |      18 |       2 |  10.0
        D:8 |    2995 |    1155 |  27.8 |      20 |       3 |  13.0
        D:9 |    2000 |     899 |  31.0 |      23 |      10 |  30.3
       D:10 |    3093 |    5493 |  64.0 |      13 |      16 |  55.2
       D:11 |    2691 |     372 |  12.1 |      21 |       1 |   4.5
       D:12 |    4837 |     951 |  16.4 |      19 |       1 |   5.0
       D:13 |    4248 |       0 |   0.0 |       9 |       0 |   0.0
       D:14 |    3924 |    3627 |  48.0 |      11 |       5 |  31.2
       D:15 |   10597 |    2716 |  20.4 |      20 |       3 |  13.0
     Lair:1 |    3892 |     350 |   8.3 |      15 |       1 |   6.2
     Lair:2 |    1842 |    1434 |  43.8 |       7 |       2 |  22.2
     Lair:3 |    8285 |    3772 |  31.3 |      32 |       6 |  15.8
     Lair:4 |    2450 |    2606 |  51.5 |      16 |       5 |  23.8
     Lair:5 |    9551 |   10306 |  51.9 |      29 |      21 |  42.0
    Swamp:1 |   14222 |    6060 |  29.9 |      33 |       7 |  17.5
    Swamp:2 |    8029 |       0 |   0.0 |      18 |       0 |   0.0
      Orc:1 |    3524 |       0 |   0.0 |      32 |       0 |   0.0
      Orc:2 |    3212 |   16997 |  84.1 |      30 |      41 |  57.7
      Sewer |       0 |     458 | 100.0 |       0 |      54 | 100.0
    Volcano |       0 |    2901 | 100.0 |       0 |      15 | 100.0
            +---------+---------+-------+---------+---------+-------

Skill      XL: |  1  2  3  4  5  6  7  8  9 10 11 12 13 14 15 16 |
---------------+-------------------------------------------------+-----
Spellcasting   | 4 5 6 7 8 10 11 12 14 15 | 15.2
Conjurations   | 4 5 6 7 8 10 11 12 14 15 | 15.2
Hexes          | 4 5 6 7 8 10 11 12 14 15 | 15.2
Summonings     | 4 5 6 7 8 10 11 12 14 15 | 15.2
Necromancy     | 4 5 6 7 8 10 11 12 14 15 | 15.2
Translocations | 4 5 6 7 8 10 11 12 14 15 | 15.2
Transmutations | 4 5 6 7 8 10 11 12 14 15 | 15.2
Fire Magic     | 4 5 6 7 8 10 11 12 14 15 | 15.2
Ice Magic      | 4 5 6 7 8 10 11 12 14 15 | 15.2
Air Magic      | 4 5 6 7 8 10 11 12 14 15 | 15.2
Earth Magic    | 4 5 6 7 8 10 11 12 14 15 | 15.2
Poison Magic   | 4 5 6 7 8 10 11 12 14 15 | 15.2
Fighting       | 1 2 3 4 5 6 8 11 12 14 16 | 16.1
Dodging        | 5 8 12 | 12.0
Stealth        | 3 |  3.5
Evocations     | 4 6 |  6.0
Shields        | 3 5 6 7 |  7.0

Action                     |  1- 3 |  4- 6 |  7- 9 | 10-12 | 13-15 | 16-18 || total
---------------------------+-------+-------+-------+-------+-------+-------++-------
  Melee: Club              |     2 |       |       |       |       |       ||     2
         Dagger            |       |     2 |     9 |    16 |    21 |     9 ||    57
   Cast: Shock             |    79 |   187 |   153 |   159 |   147 |     3 ||   728
         Static Discharge  |     1 |    10 |    12 |     2 |       |       ||    25
         Poisonous Vapours |       |     2 |    10 |     3 |       |     1 ||    16
         Frozen Ramparts   |       |       |     4 |    14 |    10 |     2 ||    30
         Airstrike         |       |       |     9 |   103 |   313 |   167 ||   592
         Olgreb's Toxic Ra |       |       |     6 |    32 |    38 |     6 ||    82
         Summon Mana Viper |       |       |       |    23 |    34 |    12 ||    69
         Borgnjor's Vile C |       |       |       |       |   112 |    42 ||   154
         Swiftness         |       |       |       |       |     1 |       ||     1
         Simulacrum        |       |       |       |       |     2 |     8 ||    10
         Malign Gateway    |       |       |       |       |       |     1 ||     1
 Invoke: Call Merchant     |       |       |       |     1 |     3 |       ||     4
  Evoke: Wand              |       |       |       |       |     2 |     3 ||     5
         Tin of tremorston |       |       |       |       |     2 |       ||     2
         Phantom mirror    |       |       |       |       |       |     1 ||     1
    Use: Potion            |     1 |       |     1 |     1 |       |       ||     3
         Scroll            |       |     8 |     7 |     5 |    14 |       ||    34
   Stab: Distracted        |       |       |     1 |       |       |       ||     1
 Armour: Robe              |     8 |     8 |     7 |     8 |     4 |       ||    35
         Leather armour    |       |       |       |       |    21 |    12 ||    33
  Dodge: Dodged            |    35 |    35 |    42 |   143 |    90 |   104 ||   449
  Block: Buckler           |       |       |       |       |    50 |    66 ||   116

Illustrated notes

Table legend:
 A = Kills in this place as a percentage of kills in the entire game.
 B = Kills by you in this place as a percentage of kills by you in the entire game.
 C = Kills by friends in this place as a percentage of kills by friends in the entire game.
 D = Other kills in this place as a percentage of other kills in the entire game.
 E = Experience gained in this place as a percentage of experience gained in the entire game.
 F = Experience gained in this place divided by the number of levels of this place that you have seen.
                   A       B       C       D       E      F
               +-------+-------+-------+-------+-------+----------------------
         Total | 100.0 | 100.0 | 100.0 | 100.0 | 100.0 | 5142.1
       Dungeon |  48.0 |  49.2 |  37.3 |  55.0 |  35.2 | 3624.9
          Lair |  19.1 |  17.9 |  32.5 |   0.0 |  28.8 | 8897.6
         Swamp |   8.3 |   6.2 |  14.5 |  45.0 |  18.4 | 14155.5
  Orcish Mines |  14.7 |  15.4 |  13.3 |   0.0 |  15.4 | 11866.5
         Sewer |   7.7 |   9.0 |   0.0 |   0.0 |   0.3 | 458.0
       Volcano |   2.1 |   2.2 |   2.4 |   0.0 |   1.9 | 2901.0
               +-------+-------+-------+-------+-------+----------------------

Table legend: (Time is in decaauts)
 A = Elapsed time spent in this place.
 B = Non-inter-level travel time spent in this place.
 C = Inter-level travel time spent in this place.
 D = Time resting spent in this place.
 E = Time spent auto-exploring this place.
 F = Levels seen in this place.
 G = Mean time per level.
                   A        B        C        D        E       F      G
               +--------+--------+--------+--------+--------+-----+--------+
         Total |  30568 |  28629 |   1939 |   3563 |  21364 |  30 | 1018.9 |
       Dungeon |  18473 |  17534 |    939 |   2451 |  13220 |  15 | 1231.5 |
        Temple |    266 |    148 |    118 |    139 |      0 |   1 |  266.0 |
          Lair |   7051 |   6357 |    694 |    214 |   5321 |   5 | 1410.2 |
         Swamp |   1279 |   1271 |      8 |    188 |    859 |   2 |  639.5 |
    Slime Pits |     14 |     14 |      0 |      0 |      0 |   2 |    7.0 |
  Orcish Mines |   1530 |   1352 |    178 |    123 |    944 |   2 |  765.0 |
         Abyss |    100 |    100 |      0 |      0 |     77 |   1 |  100.0 |
         Sewer |    896 |    896 |      0 |     70 |    648 |   1 |  896.0 |
       Volcano |    955 |    955 |      0 |    378 |    295 |   1 |  955.0 |
               +--------+--------+--------+--------+--------+-----+--------+

Top non-repeatable levels by time:
  Lair:3: 2243 daAuts
    D:10: 2082 daAuts
    D:11: 1733 daAuts
     D:7: 1552 daAuts
  Lair:1: 1385 daAuts
     D:8: 1364 daAuts
     D:4: 1284 daAuts
  Lair:5: 1276 daAuts
     D:6: 1273 daAuts
  Lair:4: 1268 daAuts
     D:9: 1248 daAuts
     D:2: 1212 daAuts
    D:15: 1054 daAuts
     D:5: 1053 daAuts
     D:3: 1007 daAuts
